 Dungeon Crawl Stone Soup version 0.29.1-15-g9cfb28693d (webtiles) character file.

Game seed: 9947215215152539999

4608 sowiloc the Destroyer (level 10, -1/69 HPs)
             Began as a Red Draconian Conjurer on Mar 8, 2023.
             Engulfed by a cloud of flame (8 damage)
             ... on level 8 of the Dungeon.
             The game lasted 00:41:46 (8484 turns).

sowiloc the Destroyer (Red Draconian Conjurer)      Turns: 8484, Time: 00:41:47

Health: -1/69      AC: 13    Str: 10    XL:     10   Next: 19%
Magic:  17/22      EV: 13    Int: 32    God:
Gold:   500        SH:  0    Dex:  9    Spells: 15/25 levels left

rFire   + + .      SeeInvis .   (no weapon)
rCold   . . .      Faith    .   (no shield)
rNeg    . . .      Spirit   .   (body armour unavailable)
rPois   .          Reflect  .   (helmet restricted)
rElec   +          Harm     .   f - +2 cloak
rCorr   .          Rampage  .   (no gloves)
Will    .....                   K - +2 pair of boots
Stlth   ++........              (no amulet)
HPRegen 0.21/turn               n - ring "Pim Gosch" {rElec rC+ Int+6}
MPRegen 0.18/turn               l - ring of Gikantad {Fire Int+3}

@: about to teleport, short of breath
A: breathe fire, AC +7, unfitting armour, fire resistance 1, cold-blooded
a: Breathe Fire


You were on level 8 of the Dungeon.
You visited 2 branches of the dungeon, and saw 9 of its levels.

You collected 500 gold pieces.

Inventory:

Hand Weapons
 i - the +5 whip of Cataclysm {holy, Drain Fly rC+ Dex+2}
   (You found it on level 3 of the Dungeon)

   It has been blessed by the Shining One to cause great damage to the undead
   and demons.
   Dex:       It affects your dexterity (+2).
   rC:        It protects you from cold.
   Fly:       It grants you flight.
   Drain:     It drains your maximum health when unequipped.
Missiles
 q - 5 poisoned darts
 y - a throwing net
Armour
 f - a +2 cloak (worn)
 w - the +1 robe of Keduir {Int+3 Dex+3 Slay-2}
   (You found it on level 5 of the Dungeon)

   Int:       It affects your intelligence (+3).
   Dex:       It affects your dexterity (+3).
   Slay:      It affects your accuracy & damage with ranged weapons and melee
   (-2).
 K - a +2 pair of boots (worn)
Magical Staves
 L - a staff of death
Jewellery
 a - a +6 ring of intelligence
 g - an amulet of the acrobat
 h - an amulet of regeneration
 l - the ring of Gikantad (right hand) {Fire Int+3}
   (You found it on level 3 of the Dungeon)

   [ring of fire]

   It enhances your fire magic.
   Int:       It affects your intelligence (+3).
   rF:        It protects you from fire.
   rC:        It makes you vulnerable to cold.
 n - the ring "Pim Gosch" (left hand) {rElec rC+ Int+6}
   (You found it on level 3 of the Dungeon)

   [ring of intelligence]

   Int:       It affects your intelligence (+6).
   rC:        It protects you from cold.
   rElec:     It insulates you from electricity.
 u - the ring of the Tortoise {AC+8}
   (You found it on level 8 of the Dungeon)

   [ring of protection]

   AC:        It affects your AC (+8).
 B - the amulet of Teankuad {Spirit rC+ Slay+3}
   (You found it on level 6 of the Dungeon)

   [amulet of guardian spirit]

   It causes incoming damage to be divided between your reserves of health and
   magic.
   Slay:      It affects your accuracy & damage with ranged weapons and melee
   (+3).
   rC:        It protects you from cold.
 J - an amulet of reflection
Wands
 A - a wand of paralysis (7)
 C - a wand of flame (18)
 F - a wand of quicksilver (4) (quivered)
Scrolls
 d - 3 scrolls of immolation
 e - a scroll of torment
 j - a scroll of teleportation
 o - a scroll of fear
 t - 3 scrolls of enchant weapon
 z - a scroll of butterflies
 D - a scroll of magic mapping
 G - a scroll of vulnerability
 M - a scroll of identify
 N - a scroll of enchant armour
Potions
 b - a potion of brilliance
 c - 2 potions of mutation {unknown}
 k - 3 potions of attraction
 m - a potion of cancellation {unknown}
 p - 2 potions of might
 r - a potion of flight {unknown}
 s - 4 potions of invisibility
 v - 5 potions of curing
 x - a potion of heal wounds {unknown}
 E - 2 potions of resistance
 H - a potion of lignification {unknown}
 I - a potion of degeneration {unknown}


   Skills:
 + Level 5.6 Dodging
 - Level 1.7 Stealth
 + Level 8.1 Spellcasting
 + Level 9.5 Conjurations
 + Level 7.3 Fire Magic
 - Level 1.7 Poison Magic


You had 15 spell levels left.
You knew the following spells:

 Your Spells              Type           Power      Damage    Failure   Level
a - Magic Dart            Conj           100%       1d8       1%          1
b - Searing Ray           Conj           100%       2d8       1%          2
c - Mephitic Cloud        Conj/Pois/Air  37%        N/A       2%          3
d - Flame Wave            Conj/Fire      79%        2d17      1%          4

Your spell library contained the following spells:

 Spells                   Type           Power      Damage    Failure   Level
 Foxfire                  Conj/Fire      100%       2x1d9     1%          1
 Shock                    Conj/Air       100%       1d9       1%          1
 Conjure Flame            Conj/Fire      79%        6-21      1%          3
 Dazzling Flash           Conj/Hex       86%        N/A       1%          3
 Inner Flame              Hex/Fire       53%        N/A       2%          3
 Call Imp                 Summ           12%        N/A       5%          2
 Fulminant Prism          Conj/Hex       21%        3d13      5%          4
 Iskenderun's Mystic Bla  Conj/Tloc      43%        2d10      5%          4
 Swiftness                Air            12%        N/A       11%         3
 Airstrike                Air            6%         2d(1-17)  36%         4


Dungeon Overview and Level Annotations

Branches:
Dungeon (8/15)             Temple (1/1) D:7
   Lair: D:8-11

Altars:
Cheibriados
Dithmenos
Elyvilon
Hepliaklqana
Kikubaaqudgha
Makhleb
Okawaru
Trog
Xom
Yredelemnul
Zin
The Shining One

Shops:
D:1 *   D:3 ?


Innate Abilities, Weirdness & Mutations

You can breathe blasts of fire.
Your fiery red scales are hard. (AC +7)
You cannot fit into any form of body armour.
Your flesh is heat resistant. (rF+)
You are cold-blooded and may be slowed by cold attacks.


Message History

Aim: a centaur, wielding a +0 shortbow (flame, severely wounded, 100% to hit)
The magic dart hits the centaur but does no damage.
The centaur is severely wounded.
You are engulfed in blazing flames.
You resist.
The centaur is engulfed in blazing flames.
You kill the centaur!
The forest fire spreads! x4
Unknown command.
You are engulfed in blazing flames.
You resist.
The forest fire spreads! x3
You are engulfed in blazing flames.
You resist.
The forest fire spreads!
You are engulfed in blazing flames.
You resist.
Keep disrobing?
The forest fire spreads! x6
You start removing your amulet.
You continue taking off your amulet of reflection.
You are engulfed in blazing flames.
You resist.
* * * LOW HITPOINT WARNING * * *
The forest fire spreads! x5
You continue taking off your amulet of reflection.
You are engulfed in blazing flames.
You resist.
* * * LOW HITPOINT WARNING * * *
The steam dragon hisses angrily.
The spriggan shouts!
The howler monkey howls!
The steam dragon breathes steam at you. The ball of steam hits you. You resist.
* * * LOW HITPOINT WARNING * * *
You hear a shout!
The forest fire spreads! x3
You continue taking off your amulet of reflection.
You are engulfed in blazing flames.
You resist.
* * * LOW HITPOINT WARNING * * *
The howler monkey hoots and howls with incredible vigour!
The forest fire spreads! x2
You continue taking off your amulet of reflection.
You are engulfed in blazing flames.
You resist.
* * * LOW HITPOINT WARNING * * *
The forest fire spreads! x2
You finish taking off your amulet of reflection.
As you read the scroll of teleportation, it crumbles to dust.
You feel strangely unstable.
You are engulfed in blazing flames.
You resist.
You die...

♣♣♣..♣#.# ♣♣♣♣...♣♣#.#
♣♣)♣.♣.♣♣ #.# ♣♣♣...♣♣♣♣
#.# ♣♣.♣§♣♣.§♣♣♣ #.#
♣♣§♣§§§§§§§§♣ #.########
...D§§§§§§§§♣.#........#
♣§§§○§§§§§§♣#....###.#
♣.§§○@§§§°♣ #......#.#
♣§§§§§§§§§.♣#.#<.#.#.#
♣§§§§§§§§§§♣#.#..#.#.#
♣♣§§§§§§§§♣♣#.#....#.#
§....♣.§°§♣ #.######.#
♣§§.♣♣ ♣.§°§.#.)......#
#


Shi♣♣ °§§.§#.######## # ..h ♣.♣§♣#.# # #.# You could see a steam dragon
(catching breath), a water moccasin (wandering), a spriggan and 2 howler
monkeys.

Vanquished Creatures
  2 two-headed ogres (D:7)
  Grinder (D:3)
  2 spriggans (D:8)
  Sigmund (D:3)
  A wyvern (D:7)
  Menkaure (D:6)
  A water moccasin (D:7)
  An ice beast (D:5)
  3 centaurs
  2 phantoms
  Blork the orc (D:6)
  A kobold brigand (D:6)
  4 bullfrogs
  2 necrophages
  3 scorpions
  5 wights (D:8)
  3 howler monkeys
  3 electric eels (D:8)
  5 hounds
  Crazy Yiuf (D:3)
  2 jellies
  A gnoll bouda (D:6)
  5 iguanas
  4 orc wizards
  6 gnolls (D:6)
  7 adders
  2 white imps
  An ufetubus (D:4)
  2 worms (D:2)
  4 dart slugs
  14 orcs
  A ball python (D:3)
  A bat zombie (D:6)
  9 endoplasms
  5 giant cockroaches
  4 goblins
  10 hobgoblins
  8 jackals
  9 kobolds
  7 quokkas
  6 bats
  A frilled lizard (D:2)
  4 rats
  3 rat zombies (D:6)
159 creatures vanquished.

Notes
Turn   | Place    | Note
-------+----------+-------------------------------------------
     0 | D:1      | sowiloc the Draconian Conjurer began the quest for the Orb.
     0 | D:1      | Reached XP level 1. HP: 14/14 MP: 3/3
   311 | D:1      | Found a faded altar of an unknown god.
   345 | D:1      | Reached XP level 2. HP: 9/20 MP: 0/5
   552 | D:1      | Learned a level 2 spell: Searing Ray
  1117 | D:1      | Found Ruyleiwe's Assorted Antiques.
  1750 | D:2      | Reached XP level 3. HP: 22/26 MP: 0/7
  1935 | D:2      | Learned a level 3 spell: Mephitic Cloud
  2619 | D:2      | Reached XP level 4. HP: 33/33 MP: 4/8
  2908 | D:3      | Found Ceuxuh's Magic Scroll Boutique.
  2975 | D:3      | Found a burning altar of Makhleb.
  2989 | D:3      | Identified the +5 whip of Cataclysm {holy, Drain Fly rC+
                  | Dex+2}
  3011 | D:3      | Noticed Grinder
  3021 | D:3      | Reached skill level 5 in Conjurations
  3075 | D:3      | Paralysed by Grinder for 3 turns
  3079 | D:3      | Killed Grinder
  3080 | D:3      | Reached XP level 5. HP: 12/38 MP: 5/11
  3080 | D:3      | Reached XP level 6. HP: 15/45 MP: 5/12
  3200 | D:3      | Reached skill level 6 in Conjurations
  3436 | D:3      | Identified the ring of Gikantad {Fire Int+3}
  3531 | D:3      | Identified the ring "Pim Gosch" {rElec rC+ Int+6}
  3597 | D:3      | Found a runed translucent door.
  3598 | D:3      | Noticed Crazy Yiuf
  3644 | D:3      | Noticed Sigmund
  3652 | D:3      | Killed Sigmund
  3653 | D:3      | Reached skill level 5 in Spellcasting
  3861 | D:3      | Killed Crazy Yiuf
  3862 | D:3      | Your scales start taking on a fiery red colour.
  3862 | D:3      | Reached XP level 7. HP: 41/50 MP: 10/14
  3862 | D:3      | Gained mutation: Your flesh is heat resistant. (rF+) [Red
                  | Draconian growth]
  4313 | D:4      | Reached skill level 7 in Conjurations
  4511 | D:4      | Learned a level 4 spell: Flame Wave
  4699 | D:4      | Reached skill level 1 in Fire Magic
  4996 | D:5      | Entered Level 5 of the Dungeon
  5021 | D:5      | Reached skill level 1 in Poison Magic
  5148 | D:5      | Reached XP level 8. HP: 57/57 MP: 10/17
  5234 | D:5      | Identified the +1 robe of Keduir {Int+3 Dex+3 Slay-2}
  5804 | D:6      | Found a white marble altar of Elyvilon.
  5902 | D:6      | Found a basalt altar of Yredelemnul.
  5936 | D:6      | Noticed Menkaure
  5942 | D:6      | Killed Menkaure
  5958 | D:6      | Noticed Blork the orc
  6070 | D:6      | Killed Blork the orc
  6071 | D:6      | Reached skill level 8 in Conjurations
  6747 | D:6      | Found an ancient bone altar of Kikubaaqudgha.
  6817 | D:6      | Identified the amulet of Teankuad {Spirit rC+ Slay+3}
  7118 | D:7      | Reached XP level 9. HP: 62/62 MP: 13/19
  7184 | D:7      | Reached skill level 5 in Fire Magic
  7253 | D:7      | Noticed a two-headed ogre
  7321 | D:7      | Found a staircase to the Ecumenical Temple.
  7339 | Temple   | Entered the Ecumenical Temple
  7728 | D:7      | Killed a two-headed ogre
  7767 | D:8      | Found the ring of the Tortoise {AC+8}
  7769 | D:8      | Noticed a two-headed ogre
  7770 | D:8      | Reached skill level 9 in Conjurations
  7785 | D:7      | Killed a two-headed ogre
  7786 | D:7      | Reached skill level 5 in Dodging
  8150 | D:8      | Reached XP level 10. HP: 47/69 MP: 14/21
  8484 | D:8      | Engulfed by a cloud of flame

Illustrated notes

Levels and vault maps discovered:
D:1:      saegor_arrival_simple_b, layout_basic, serial_shops, shop,
          hellmonk_ecumenical_altar_dog_temple
D:2:      layout_loops_ring
D:3:      layout_rooms, bloody_makhleb, serial_shops,
          nicolae_shop_hallway_stairs, uniq_grinder, uniq_sigmund,
          uniq_crazy_yiuf_cottage
D:4:      minmay_razor_zed, layout_loops_ring
D:5:      layout_basic
D:6:      layout_cave_pods, mainiacjoe_overflow_six_doors_small,
          old_standard_altar, lemuel_zombie_altar_kikubaaqudgha,
          minmay_fractal_squares_gapless_5, uniq_blork_the_orc, uniq_menkaure
D:7:      layout_rooms, minmay_temple_entry_mini_moons
D:8:      kb_forest_paths, layout_basic, nicolae_overflows_in_rows
Temple:   hellmonk_temple_of_storms

Skill      XL: |  1  2  3  4  5  6  7  8  9 10 |
---------------+-------------------------------+-----
Spellcasting   | 3 4 5 6 7 8 |  8.1
Conjurations   | 5 6 7 8 9 |  9.5
Fire Magic     | 2 4 6 7 |  7.3
Poison Magic   | 1 |  1.7
Dodging        | 3 5 |  5.6
Stealth        | |  1.7

Action                   |  1- 3 |  4- 6 |  7- 9 | 10-12 || total
-------------------------+-------+-------+-------+-------++-------
Melee: Unarmed           |    29 |    26 |       |     2 ||    57
       Tailslap          |     7 |     3 |       |       ||    10
Throw: Dart              |       |       |     1 |       ||     1
 Cast: Magic Dart        |    62 |    37 |    49 |     6 ||   154
       Searing Ray       |     7 |     9 |    11 |       ||    27
       Mephitic Cloud    |       |     3 |     5 |       ||     8
       Flame Wave        |       |       |    27 |     5 ||    32
 Abil: Breathe Fire      |       |       |    32 |     3 ||    35
Evoke: Wand              |       |       |    10 |       ||    10
  Use: Potion            |     3 |     1 |     1 |       ||     5
       Scroll            |     5 |       |     8 |     1 ||    14
Armor: Skin              |    17 |    27 |    11 |     1 ||    56
Dodge: Dodged            |    26 |    20 |    37 |     5 ||    88
